 Dungeon Crawl Stone Soup version 0.27.1-34-g3ba077fa99 (webtiles) character file.

Game seed: 10251907836172865255

33 MisterFreud the Ducker (level 3, -6/25 HPs)
             Began as a Felid Berserker on Jan 9, 2022.
             Was a Follower of Trog.
             Mangled by a kobold (9 damage)
             ... on level 2 of the Dungeon.
             The game lasted 00:00:59 (956 turns).

MisterFreud the Ducker (Felid Berserker)             Turns: 956, Time: 00:01:00

Health: -6/25      AC:  1    Str: 13    XL:     3   Next: 12%
Magic:  4/4        EV: 18    Int:  8    God:    Trog [*.....]
Gold:   29         SH:  0    Dex: 16    Spells: 2/2 levels left
                                        Lives:  0   Deaths: 0

rFire    + . .     SeeInvis +     - Unarmed
rCold    . . .     Faith    .   (shield unavailable)
rNeg     . . .     Spirit   .   (armour unavailable)
rPois    .         Reflect  .   (helmet unavailable)
rElec    .         Harm     .   (cloak unavailable)
rCorr    .         Rampage  .   (gloves unavailable)
Will     .....                  (boots unavailable)
Stlth    ..........             (no amulet)
HPRegen  0.08/turn              d - ring of protection from fire
MPRegen  0.09/turn              (no ring)

@: berserking (expiring), very quick
A: very small, claws 1, fangs 3, see invisible, speed 1, shaggy fur 1, stealthy
paws, no weapons or thrown items, no armour, multi-lived
a: Renounce Religion, Berserk


You were on level 2 of the Dungeon.
You worshipped Trog.
Trog was aware of your devotion.
You visited 1 branch of the dungeon, and saw 2 of its levels.

You collected 29 gold pieces.

Inventory:

Jewellery
 d - a ring of protection from fire (left paw)
Scrolls
 a - a scroll of teleportation {unknown}
 b - 2 scrolls of amnesia {unknown}
 e - a scroll of enchant weapon {unknown}
Potions
 c - a potion of curing {unknown}


   Skills:
 - Level 3.0 Fighting
 - Level 4.0 Dodging
 + Level 2.8 Stealth
 + Level 3.7 Unarmed Combat


You had 2 spell levels left.
You didn't know any spells.
Your spell library was empty.

Dungeon Overview and Level Annotations

Branches:
Dungeon (2/15)

Altars:


Innate Abilities, Weirdness & Mutations

You have sharp claws.
You have razor-sharp teeth.
You have supernaturally acute eyesight. (SInv)
You cover ground quickly. (Speed+)
You are covered in fur. (AC +1)
Your paws help you pounce on unaware monsters.
You are incapable of wielding weapons or throwing items.
You cannot wear armour.
You gain extra lives every three experience levels.


Message History

The adder hisses angrily.
The kobold shouts!
You closely miss the adder. Your bite misses the adder. The adder bites you.
You are poisoned.
The adder poisons you! The adder closely misses you.
You feel sick. The adder misses you.
You feel sick.
You feel sick.
You feel sick.
A red film seems to cover your vision as you go berserk!
You feel yourself moving faster!
You feel mighty!
You feel sick. The adder closely misses you.
You barely miss the adder. Your bite misses the adder.
The adder closely misses you.
You scratch the adder.
The adder is heavily wounded.
You feel sick.
You barely miss the adder.
The adder is heavily wounded.
The adder bites you.
* * * LOW HITPOINT WARNING * * *
You claw the adder!
You kill the adder!
Trog accepts your kill.
You feel sick.
You are no longer poisoned.
You have reached level 3!
Your experience leads to an increase in your attributes!
Increase (S)trength, (I)ntelligence, or (D)exterity?
You feel agile.
You scratch the kobold.
The kobold is moderately wounded.
You closely miss the kobold.
The kobold is moderately wounded.
The kobold misses you.
You barely miss the kobold.
The kobold is moderately wounded.
The kobold hits you with a +2 short sword of electrocution.
* * * LOW HITPOINT WARNING * * *
You are electrocuted!
You die...

#..##....#..#.## #
#..#.. ...... . #####
#.....##..#.#.# ##
#.... #.........#.#.#
#.##.#.. .$....#.:.).
#.#....
#.#..#.#.###### #.....
#.(............ #....
###...#K#####.## ##...
#...#@#####..## ##....
#...#.##......###..#..
#...#.##.##.##.#.#.###
#...#.......###.##.#
######...........#
#.##.#
................#.#
#.##.#
................#.#
#..#..
................#.#
##.###
.######.........#.. .#


You could see a kobold.

Vanquished Creatures
  An adder (D:2)
  A dart slug (D:1)
  A bat (D:1)
  2 endoplasms (D:1)
  2 hobgoblins (D:1)
  2 quokkas (D:1)
  2 ball pythons
  3 frilled lizards
  3 goblins (D:1)
  5 kobolds (D:1)
22 creatures vanquished.

Notes
Turn   | Place    | Note
-------+----------+-------------------------------------------
     0 | D:1      | MisterFreud the Felid Berserker began the quest for the
                  | Orb.
     0 | D:1      | Reached XP level 1. HP: 10/10 MP: 2/2
    70 | D:1      | Reached skill level 1 in Stealth
   341 | D:1      | Reached XP level 2. HP: 14/14 MP: 3/3
   954 | D:2      | Reached XP level 3. HP: 5/17 MP: 4/4
   956 | D:2      | Mangled by a kobold

Illustrated notes

Levels and vault maps discovered:
D:1:      dpeg_arrival_simpleton_c, layout_basic, st_stairs_11
D:2:      layout_loops_cross, serial_shops, shop, basic_altar, st_stairs_1,
          minmay_misc_feat_square

Skill      XL: |  1  2 |
---------------+-------+-----
Stealth        | 1 2 |  2.8
Fighting       | |  3.0
Dodging        | |  4.0
Unarmed Combat | |  3.7

Action                   || total
-------------------------++-------
Melee: Unarmed           ||    49
       Bite              ||     1
Invok: Berserk           ||     1
 Stab: Sleeping          ||     3
Armor: Skin              ||     1
Dodge: Dodged            ||    32
